 Dungeon Crawl Stone Soup version 0.25-a0-55-g0753fd1ad2 (webtiles) character file.

Game seed: 9295445944114678885, levelgen mode: deterministic

217300 MrRokkomies the Unseen (level 19, -7/129 HPs)
             Began as an Octopode Assassin on Oct 24, 2019.
             Was the Champion of Okawaru.
             Mangled by a black mamba (11 damage)
             ... on level 4 of the Snake Pit on Oct 25, 2019.
             The game lasted 02:55:56 (45291 turns).

MrRokkomies the Unseen (Octopode Assassin)         Turns: 45291, Time: 02:55:56

Health: -7/129     AC: 11    Str: 24    XL:     19   Next: 8%
Magic:  24/26      EV: 20    Int: 29    God:    Okawaru [******]
Gold:   1785       SH: 28    Dex: 20    Spells: 3/18 levels left

rFire    + + .     SeeInvis +   a - +4 rapier (venom)
rCold    + + .     Gourm    .   Y - +5 shield {AC+3}
rNeg     . . .     Faith    .   P - +3 crown of Dyrovepreva {rElec Int+2 SInv}
rPois    +         Spirit   .   T - amulet of the Zebra {Reflect Str+6 Dex+4 SH+5 SInv Stlth+}
rElec    +         Reflect  +   e - ring of stealth
rCorr    .         Harm     .   Q - ring of the Many Dances {rC+ Int+6}
MR       +....                  y - +5 ring of strength
Stlth    ++++++++++             D - ring of protection from fire
HPRegen  0.31/turn              U - ring of Knowledge {rElec rC+ Int+3 Slay+2}
MPRegen  0.20/turn              t - ring of protection from fire
                                I - +3 ring of protection
                                K - ring of poison resistance

@: about to teleport
A: almost no armour, stealthy swim, amphibious, 8 rings, constrict 8, large bone
plates 1, rugged brown scales 1, camouflage 1, strong 1, gelatinous body 1
}: 1/15 runes: decaying
a: Heroism, Finesse, Renounce Religion


You were on level 4 of the Snake Pit.
You worshipped Okawaru.
Okawaru was exalted by your worship.
You were not hungry.

You visited 6 branches of the dungeon, and saw 32 of its levels.
You also visited: Gauntlet.

You collected 3452 gold pieces.
You spent 1667 gold pieces at shops.

Inventory:

Hand Weapons
 a - a +4 rapier of venom (weapon)
 N - a +4 quick blade
 V - the +1 rapier of Geury {holy, +Blink rC++}
   (Okawaru gifted it to you on level 4 of the Snake Pit)

   It has been blessed by the Shining One to cause great damage to the undead
   and demons.
   It greatly protects you from cold.
   It lets you blink.
Missiles
 b - 127 poisoned darts (quivered)
 F - 24 javelins
 H - 14 silver javelins
 L - 15 atropa-tipped darts
 S - 3 datura-tipped darts
 W - 7 silver boomerangs
Armour
 P - the +3 crown of Dyrovepreva (worn) {rElec Int+2 SInv}
   (You bought it in a shop on level 2 of the Orcish Mines)

   It affects your intelligence (+2).
   It insulates you from electricity.
   It lets you see invisible.
 Y - a +5 shield of protection (worn)
Jewellery
 e - a ring of stealth (left tentacle)
 n - an uncursed ring of resist corrosion
 t - a ring of protection from fire (on tentacle)
 v - the ring "Feifro" {rElec rC++ Slay-3 SInv}
   (You found it in a Gauntlet)

   [ring of slaying]

   It affects your accuracy and damage with ranged weapons and melee attacks
   (-3).
   It greatly protects you from cold.
   It insulates you from electricity.
   It lets you see invisible.
 y - a +5 ring of strength (on tentacle)
 D - a ring of protection from fire (on tentacle)
 I - a +3 ring of protection (on tentacle)
 K - a ring of poison resistance (on tentacle)
 Q - the ring of the Many Dances (right tentacle) {rC+ Int+6}
   (You acquired it on level 2 of the Swamp)

   [ring of protection from cold]

   It affects your intelligence (+6).
   It protects you from cold.
 T - the amulet of the Zebra (around mantle) {Reflect Str+6 Dex+4 SH+5 SInv Stlth+}
   (You acquired it on level 5 of the Lair of Beasts)

   [amulet of reflection]

   It shields you and reflects attacks.
   It affects your strength (+6).
   It affects your dexterity (+4).
   It lets you see invisible.
   It affects your SH (+5).
   It makes you more stealthy.
 U - the ring of Knowledge (on tentacle) {rElec rC+ Int+3 Slay+2}
   (You acquired it on level 4 of the Lair of Beasts)

   [ring of slaying]

   It affects your intelligence (+3).
   It affects your accuracy and damage with ranged weapons and melee attacks
   (+2).
   It protects you from cold.
   It insulates you from electricity.
Wands
 f - a wand of disintegration (13)
 h - a wand of digging (6)
 j - a wand of enslavement (9)
 p - a wand of acid (5)
 q - a wand of clouds (10)
 R - a wand of paralysis (11)
 Z - a wand of iceblast (3)
Scrolls
 m - a scroll of immolation
 r - 4 scrolls of magic mapping
 s - 2 scrolls of summoning
 w - a scroll of teleportation
 E - 18 scrolls of remove curse
 G - 8 scrolls of fog
 M - a scroll of enchant weapon
 X - 5 scrolls of identify
Potions
 c - a potion of invisibility
 g - 2 potions of might
 i - 2 potions of berserk rage
 k - 6 potions of curing
 l - 7 potions of agility
 o - 6 potions of lignification
 x - a potion of haste
 z - 3 potions of flight
 A - 2 potions of resistance
 B - a potion of cancellation
Miscellaneous
 C - a box of beasts
 O - a lamp of fire
Comestibles
 d - 27 rations


   Skills:
 - Level 10.0 Fighting
 - Level 14.0 Short Blades
 - Level 15.0 Throwing
 - Level 9.0 Dodging
 + Level 20.9 Stealth
 * Level 13.8 Shields
 * Level 2.8 Charms
 - Level 1.2 Air Magic
 - Level 8.0 Invocations
 - Level 10.2 Evocations


You had 3 spell levels left.
You knew the following spells:

 Your Spells              Type           Power        Failure   Level  Hunger
a - Freeze                Ice            #...         12%         1    ##.....
b - Ozocubu's Armour      Chrm/Ice       #.......     21%         3    ####...
c - Mephitic Cloud        Conj/Pois/Air  #.......     30%         3    ####...
d - Confusing Touch       Hex            #.....       12%         1    ##.....
e - Summon Butterflies    Summ           #.......     12%         1    ##.....
f - Deflect Missiles      Chrm/Air       ##........   100%        6    #######

Your spell library contained the following spells:

 Spells                   Type           Power        Failure   Level  Hunger
 Infusion                 Chrm           ###.         3%          1    ##.....
 Swiftness                Chrm/Air       ##......     8%          2    ###....
 Shock                    Conj/Air       #...         10%         1    ##.....
 Animate Skeleton         Necr           N/A          12%         1    ##.....
 Apportation              Tloc           #.....       12%         1    ##.....
 Corona                   Hex            #......      12%         1    ##.....
 Magic Dart               Conj           #...         12%         1    ##.....
 Sting                    Conj/Pois      #...         12%         1    ##.....
 Summon Small Mammal      Summ           #...         12%         1    ##.....
 Poisonous Vapours        Pois/Air       #.....       14%         2    ###....
 Blink                    Tloc           N/A          19%         2    ###....
 Call Imp                 Summ           #.......     19%         2    ###....
 Ensorcelled Hibernation  Hex/Ice        #.....       19%         2    ###....
 Slow                     Hex            #.......     19%         2    ###....
 Throw Frost              Conj/Ice       #.....       19%         2    ###....
 Regeneration             Chrm/Necr      #.........   21%         3    ####...
 Static Discharge         Conj/Air       #.......     28%         3    ####...
 Call Canine Familiar     Summ           #.......     34%         3    ####...
 Confuse                  Hex            #.......     34%         3    ####...
 Conjure Flame            Conj/Fire      #.......     34%         3    ####...
 Dazzling Spray           Conj/Hex       #.....       34%         3    ####...
 Inner Flame              Hex/Fire       #.......     34%         3    ####...
 Portal Projectile        Hex/Tloc       #.....       34%         3    ####...
 Summon Guardian Golem    Hex/Summ       #.......     34%         3    ####...
 Tukima's Dance           Hex            #.......     34%         3    ####...
 Airstrike                Air            #.........   58%         4    #####..
 Summon Lightning Spire   Summ/Air       #.......     67%         4    #####..
 Cause Fear               Hex            #.........   75%         4    #####..
 Leda's Liquefaction      Hex/Erth       #.........   75%         4    #####..
 Olgreb's Toxic Radiance  Pois           #.......     75%         4    #####..
 Summon Ice Beast         Ice/Summ       #.......     75%         4    #####..
 Throw Icicle             Conj/Ice       #.......     75%         4    #####..
 Iskenderun's Battlesphe  Conj/Chrm      #.......     88%         5    ######.
 Lightning Bolt           Conj/Air       #.........   95%         5    ######.
 Bolt of Magma            Conj/Fire/Erth #.........   97%         5    ######.
 Summon Mana Viper        Hex/Summ       #.......     97%         5    ######.
 Venom Bolt               Conj/Pois      #.........   97%         5    ######.
 Iron Shot                Conj/Erth      #.........   100%        6    #######
 Poison Arrow             Conj/Pois      #.........   100%        6    #######
 Orb of Destruction       Conj           #.........   100%        7    #######
 Spellforged Servitor     Conj/Summ      #.........   100%        7    #######
 Summon Hydra             Summ           #.........   100%        7    #######
 Chain Lightning          Conj/Air       #.........   100%        8    #######
 Ignition                 Fire           #.........   100%        8    #######
 Lehudib's Crystal Spear  Conj/Erth      #.........   100%        8    #######
 Fire Storm               Conj/Fire      #.........   100%        9    #######
 Glaciate                 Conj/Ice       #.........   100%        9    #######
 Shatter                  Erth           #.........   100%        9    #######
 Tornado                  Air            #.........   100%        9    #######


Dungeon Overview and Level Annotations

Branches:
Dungeon (15/15)            Temple (1/1) D:4            Lair (6/6) D:10
  Swamp (4/4) Lair:3        Snake (4/4) Lair:4        Slime (0/5) Lair:5
    Orc (2/2) D:12            Elf (0/3) Orc:2        Vaults (0/5) D:14
 Depths (0/5) D:15        Gauntlet (visited)

Altars:
Ashenzari
Cheibriados
Dithmenos
Elyvilon
Fedhas
Gozag
Hepliaklqana
Kikubaaqudgha
Makhleb
Nemelex Xobeh
Okawaru
Qazlal
Ru
Sif Muna
Trog
Uskayaw
Vehumet
Wu Jian
Xom
Yredelemnul
Zin
The Shining One
Beogh

Shops:
D:6 (   D:10 }   Orc:2 (:*[

Portals:
Hell: Lair:6

Annotations:
D:12 Gumption's ghost, journeyman MfGl
D:13 2 transporters, Jorgrun
Lair:3 exclusion: oklob plant
Lair:4 2 transporters
Swamp:1 2 transporters, Nocer's ghost, adept CeAE
Snake:1 3 runed translucent doors, Beyselic's ghost, adept TrMo


Innate Abilities, Weirdness & Mutations

You cannot wear most types of armour.
You are very stealthy in the water. (Stealth+)
You are amphibious.
You can wear up to eight rings at the same time.
You can use your tentacles to constrict eight enemies at once.
Your skin changes colour to match your surroundings (Stealth+).
Your rubbery body absorbs attacks. (AC +1, EV +1)
You are partially covered in large bone plates. (SH +4)
You are partially covered in rugged brown scales. (AC +1, +3% HP)
Your muscles are strong. (Str +2)


Message History

Cornered, the black mamba turns to fight!
* * * LOW HITPOINT WARNING * * *
The naga warrior constricts you.
The naga warrior struggles against the net.
You hit the naga warrior.
The naga warrior is poisoned.
The naga warrior is lightly wounded.
You hit the naga warrior. You squeeze the naga warrior!
The naga warrior is lightly wounded.
You puncture the naga warrior!
The naga warrior is moderately wounded.
Cornered, the black mamba turns to fight!
* * * LOW HITPOINT WARNING * * *
The naga warrior constricts you.
The naga warrior struggles against the net.
You block the black mamba's attack.
You escape the naga warrior's grasp.
You block the black mamba's attack.
An anaconda comes into view.
As you read the scroll of teleportation, it crumbles to dust.
You feel strangely unstable. The black mamba bites you!
You die...

....#.....##..........#....§≈≈≈≈≈
....#.....'..........##.§§≈≈§≈≈≈≈
....#.....#.........##..§§§§§§§≈≈
....#.....#........##...≈≈§######
....#'#####.......##..§§§###.....
.................##..≈≈≈##..)).).
................##..≈§≈##..)...N.
...............##.N§≈≈##..††#####
..............##@.§≈§##...###
........)).)).#.SS§≈##...##
...........)..#....≈#...##
..............#.....S...#
..........(...###########
..............# ...###.##.....#
#### ##########


You could see a naga warrior (caught), an anaconda (wandering) and 2 black
mambas.

Vanquished Creatures
  Saint Roka (Orc:2)
  Vashnia (Snake:2)
  Gastronok (D:10)
  2 thorn hunters (Swamp:2)
  Kirke (D:15)
  3 nagarajas (Snake:4)
  Agnes (Snake:4)
  Louise (Snake:4)
  Aizul (Snake:4)
  2 very ugly things
  Nessos (D:15)
  Azrael (D:15)
  A dire elephant (Lair:6)
  A minotaur (Gauntlet)
  2 fire dragons (Swamp:4)
  Snorg (Lair:4)
  Harold (D:7)
  9 naga warriors
  A yaktaur captain (D:15)
  A shambling mangrove (Swamp:1)
  2 vault guards (D:14)
  30 hydras
  A ghost crab (Swamp:3)
  A death knight (D:14)
  12 anacondas
  3 tengu warriors
  4 centaur warriors
  4 two-headed ogres
  8 alligators
  5 death yaks
  An orc high priest (Orc:1)
  13 naga sharpshooters
  5 shock serpents
  A sun demon (Lair:6)
  Nergalle (Orc:2)
  3 fire crabs (Swamp:4)
  10 skeletal warriors
  A wizard (Lair:6)
  3 unseen horrors
  5 salamander mystics
  12 swamp dragons
  2 spriggan druids
  5 naga ritualists
  Pikel (D:8)
  3 lindwurms (Snake:4)
  A necromancer (Lair:6)
  7 mana vipers
  7 orc knights
  An orc sorcerer (Orc:2)
  3 manticores
  A cyclops (D:13)
  3 deep elf magi (D:13)
  13 salamanders
  11 ugly things
  18 elephants
  4 guardian serpents (Snake:4)
  29 black mambas
  Psyche (D:10)
  An orange demon (Lair:6)
  21 naga magi
  A gargoyle (D:12)
  5 yaktaurs
  A minotaur zombie (Gauntlet)
  16 spiny frogs
  2 rime drakes (Lair:6)
  5 kobold demonologists
  An efreet (D:15)
  8 komodo dragons
  3 freezing wraiths (D:14)
  A yaktaur (shapeshifter) (D:15)
  A hellwing (Lair:6)
  3 red devils (Lair:6)
  3 meliai (D:15)
  11 tyrant leeches
  7 trolls
  7 hornets
  9 hippogriffs
  A harpy skeleton (D:15)
  4 slime creatures
  7 bog bodies
  10 blink frogs
  4 spriggans
  Sigmund (D:5)
  A spriggan (shapeshifter) (D:15)
  8 yaks
  6 shadows
  7 wyverns
  21 humans
  2 fire elementals (D:15)
  3 basilisks
  A wraith (D:14)
  4 hungry ghosts
  4 steam dragons
  5 hogs
  17 vampire mosquitoes
  28 nagas
  13 swamp worms
  9 insubstantial wisps
  3 wargs (Orc:2)
  10 hell hounds
  11 water moccasins
  A soldier ant (shapeshifter) (D:15)
  7 porcupines
  Duvessa (D:5)
  A hornet zombie (D:14)
  33 orc warriors
  19 swamp drakes
  6 sky beasts
  A black bear (D:7)
  6 ice beasts
  3 eyes of draining
  8 ogres
  8 wolves
  9 centaurs
  18 crocodiles
  3 big kobolds
  15 bullfrogs
  Blork the orc (D:5)
  A gnoll sergeant (D:13)
  Dowan (D:5)
  5 scorpions
  13 killer bees
  5 wights (D:14)
  3 howler monkeys (D:8)
  11 crimson imps
  A bullfrog zombie (D:5)
  5 centaur zombies
  5 jellies
  18 orc priests
  5 centaur skeletons
  8 hounds
  3 iguanas
  15 orc wizards
  2 yak simulacra (Lair:6)
  12 worker ants
  4 wolf simulacra (Lair:6)
  A killer bee zombie (D:5)
  2 hound zombies (D:7)
  2 hound skeletons
  A worker ant zombie (D:5)
  8 gnolls
  13 adders
  A howler monkey skeleton (D:7)
  3 shadow imps
  2 oozes
  An adder zombie (D:5)
  An adder skeleton (D:6)
  4 worms
  4 dart slugs
  6 leopard geckos
  80 orcs
  A ball python (D:2)
  10 bats
  7 giant cockroaches
  12 goblins
  8 hobgoblins
  17 jackals
  13 kobolds
  2 quokkas
  7 frilled lizards
  3 jackal skeletons
  A jackal zombie (D:8)
  6 rats
  5 river rat simulacra (Lair:6)
  A spectral orc (D:8)
1033 creatures vanquished.

Vanquished Creatures (collateral kills)
  A hydra (Swamp:2)
  A death yak (Lair:4)
  An orc sorcerer (Orc:2)
  A spiny frog (Swamp:2)
  A swamp drake (Swamp:2)
  3 orc warriors (Orc:2)
  3 orc priests (Orc:2)
  3 orc wizards (Orc:2)
  5 orcs (Orc:2)
19 creatures vanquished.

Vanquished Creatures (others)
  2 hydras
  3 death yaks
  2 naga sharpshooters
  An elephant (Lair:5)
  4 humans (D:15)
  2 yaks
  A naga (Snake:4)
  A water moccasin (Lair:3)
  2 swamp drakes (Swamp:4)
  2 slaves (D:8)
  A wolf (Lair:1)
  A crocodile (D:15)
  2 bullfrogs
  3 gnolls (D:8)
  A goblin (D:2)
  A kobold (D:11)
  16 fungi
  17 plants
62 creatures vanquished.

Grand Total: 1114 creatures vanquished

Notes
Turn   | Place    | Note
-------+----------+-------------------------------------------
     0 | D:1      | MrRokkomies the Octopode Assassin began the quest for the
                  | Orb.
     0 | D:1      | Reached XP level 1. HP: 14/14 MP: 1/1
   247 | D:1      | Gained mutation: You are partially covered in rugged brown
                  | scales. (AC +1, +3% HP) [potion of mutation]
   247 | D:1      | Gained mutation: Your muscles are strong. (Str +2) [potion
                  | of mutation]
   247 | D:1      | Gained mutation: You are partially covered in large bone
                  | plates. (SH +4) [potion of mutation]
   257 | D:1      | Reached XP level 2. HP: 19/19 MP: 2/2
   507 | D:1      | Reached XP level 3. HP: 24/24 MP: 3/3
   780 | D:2      | Reached XP level 4. HP: 23/29 MP: 4/4
  1066 | D:2      | Reached skill level 6 in Stealth
  1245 | D:2      | Found a glowing silver altar of Zin.
  1398 | D:2      | Found a radiant altar of Vehumet.
  1617 | D:3      | Reached XP level 5. HP: 35/35 MP: 5/5
  1648 | D:3      | Found a glowing golden altar of the Shining One.
  2365 | D:4      | Found a glowing golden altar of the Shining One.
  2551 | D:4      | Reached XP level 6. HP: 40/40 MP: 6/6
  2802 | D:4      | Found a sacrificial altar of Ru.
  3001 | D:4      | Found a staircase to the Ecumenical Temple.
  3010 | Temple   | Entered the Ecumenical Temple
  3210 | D:5      | Entered Level 5 of the Dungeon
  3236 | D:5      | Noticed Blork the orc
  3243 | D:5      | Killed Blork the orc
  3525 | D:5      | Noticed Sigmund
  3601 | D:5      | Killed Sigmund
  3601 | D:5      | Reached skill level 5 in Short Blades
  3601 | D:5      | Reached skill level 5 in Throwing
  3601 | D:5      | Reached skill level 7 in Stealth
  3601 | D:5      | Reached XP level 7. HP: 30/46 MP: 7/7
  3773 | D:5      | Found a basalt altar of Yredelemnul.
  3851 | D:5      | Noticed a steam dragon
  3852 | D:5      | Noticed a steam dragon
  3887 | D:5      | Killed a steam dragon
  3949 | D:5      | Killed a steam dragon
  3949 | D:5      | Reached XP level 8. HP: 30/51 MP: 8/8
  4366 | D:5      | Reached skill level 8 in Stealth
  4604 | D:5      | Noticed Dowan
  4605 | D:5      | Noticed Duvessa
  4667 | D:5      | Killed Duvessa
  4684 | D:5      | Killed Dowan
  5275 | D:6      | Found an iron altar of Okawaru.
  5283 | D:6      | Became a worshipper of Warmaster Okawaru
  5366 | D:6      | Reached XP level 9. HP: 55/55 MP: 9/9
  5567 | D:6      | Reached skill level 9 in Stealth
  5765 | D:6      | Found Yrirgho's Weapon Boutique.
  5783 | D:6      | Found a shimmering altar of Xom.
  5784 | D:6      | Found a shimmering altar of Xom.
  5785 | D:6      | Found a shimmering altar of Xom.
  5786 | D:6      | Found a shimmering altar of Xom.
  5786 | D:6      | Found a shimmering altar of Xom.
  5786 | D:6      | Found a shimmering altar of Xom.
  5788 | D:6      | Found a shimmering altar of Xom.
  5800 | D:6      | Reached * piety under Okawaru
  6368 | D:7      | Reached ** piety under Okawaru
  6415 | D:7      | Reached skill level 10 in Stealth
  6929 | D:7      | Reached XP level 10. HP: 59/61 MP: 10/10
  7043 | D:7      | Noticed Harold
  7065 | D:7      | Killed Harold
  7065 | D:7      | Reached *** piety under Okawaru
  7665 | D:8      | Found a hazy altar of Hepliaklqana.
  7887 | D:8      | Found a basalt altar of Yredelemnul.
  7963 | D:8      | Noticed Pikel
  7975 | D:8      | Killed Pikel
  7975 | D:8      | Reached **** piety under Okawaru
  7975 | D:8      | Reached skill level 10 in Short Blades
  7975 | D:8      | Reached skill level 10 in Throwing
  7975 | D:8      | Reached skill level 11 in Stealth
  8489 | D:8      | Received a gift from Okawaru
  9109 | D:8      | Found an opulent altar of Gozag.
  9627 | D:9      | Reached XP level 11. HP: 46/69 MP: 11/11
  9895 | D:9      | Found a shimmering blue altar of Sif Muna.
 10326 | D:9      | Learned a level 1 spell: Freeze
 10330 | D:9      | Learned a level 3 spell: Ozocubu's Armour
 10558 | D:10     | Entered Level 10 of the Dungeon
 10559 | D:10     | Found a staircase to the Lair.
 10943 | D:9      | Reached ***** piety under Okawaru
 11289 | D:10     | Found Onkillid's Gadget Emporium.
 11384 | D:10     | Received a gift from Okawaru
 11384 | D:10     | Reached skill level 5 in Fighting
 11411 | D:10     | Noticed Gastronok
 11434 | D:10     | Killed Gastronok
 11434 | D:10     | Reached skill level 12 in Stealth
 11545 | D:10     | Noticed a red ugly thing
 11552 | D:10     | Killed a red ugly thing
 11552 | D:10     | Received a gift from Okawaru
 11573 | D:10     | Noticed Psyche
 11579 | D:10     | Killed Psyche
 11860 | Lair:1   | Entered Level 1 of the Lair of Beasts
 11884 | Lair:1   | Noticed a seven-headed hydra
 11897 | Lair:1   | Killed a seven-headed hydra
 11897 | Lair:1   | Received a gift from Okawaru
 12420 | Lair:1   | Reached XP level 12. HP: 75/83 MP: 12/12
 12731 | Lair:1   | Received a gift from Okawaru
 12903 | Lair:1   | Reached skill level 13 in Stealth
 13547 | Lair:2   | Received a gift from Okawaru
 13572 | Lair:2   | Reached skill level 5 in Dodging
 14343 | Lair:3   | Noticed a five-headed hydra
 14538 | Lair:3   | Found a staircase to the Swamp.
 15546 | Lair:3   | Received a gift from Okawaru
 15773 | Lair:3   | Banished a five-headed hydra
 16050 | Lair:4   | Noticed a six-headed hydra
 16057 | Lair:4   | Killed a six-headed hydra
 16057 | Lair:4   | Reached skill level 14 in Stealth
 16057 | Lair:4   | Reached XP level 13. HP: 93/93 MP: 13/13
 16079 | Lair:4   | Learned a level 3 spell: Mephitic Cloud
 16091 | Lair:4   | Noticed Snorg
 16098 | Lair:4   | Killed Snorg
 16098 | Lair:4   | Received a gift from Okawaru
 16176 | Lair:4   | Got a crystal dagger
 16183 | Lair:4   | Found a staircase to the Snake Pit.
 16191 | Lair:4   | Received a gift from Okawaru
 16335 | Lair:5   | Found a staircase to the Slime Pits.
 16339 | Lair:5   | Reached skill level 10 in Fighting
 16545 | Lair:5   | Reached ****** piety under Okawaru
 16545 | Lair:5   | Received a gift from Okawaru
 16576 | Lair:5   | Identified a scroll of acquirement
 16577 | Lair:5   | Got a glittering bronze amulet
 16579 | Lair:5   | Identified the amulet of the Zebra {Reflect Str+6 Dex+4
                  | SH+5 SInv Stlth+} (You acquired it on level 5 of the Lair
                  | of Beasts)
 17044 | Lair:4   | Received a gift from Okawaru
 17177 | Lair:4   | HP: 3/94 [death yak (26)]
 17615 | Lair:4   | Reached skill level 1 in Invocations
 17615 | Lair:4   | Reached skill level 1 in Evocations
 18242 | Lair:4   | Got a smoking lapis lazuli ring
 18243 | Lair:4   | Identified the ring of Knowledge {rElec rC+ Int+3 Slay+2}
                  | (You acquired it on level 4 of the Lair of Beasts)
 18288 | Lair:4   | Reached skill level 15 in Stealth
 18291 | Lair:4   | Got a bloodstained falchion
 18335 | Lair:4   | Found a transporter.
 18390 | Lair:4   | Found a transporter.
 18437 | Lair:4   | Got an encrusted scimitar
 18724 | Lair:6   | Entered Level 6 of the Lair of Beasts
 18758 | Lair:6   | Found a gate leading to a gauntlet.
 18768 | Gauntlet | Entered a Gauntlet
 18768 | Gauntlet | Found a transporter.
 18768 | Gauntlet | Found a transporter.
 18768 | Gauntlet | Found a transporter.
 18778 | Gauntlet | Found a transporter.
 18781 | Gauntlet | Found a transporter.
 18789 | Gauntlet | Found a transporter.
 18793 | Gauntlet | Found a transporter.
 18808 | Gauntlet | Found a transporter.
 18815 | Gauntlet | Noticed a dire elephant
 18818 | Gauntlet | Found a transporter.
 18835 | Gauntlet | Found a transporter.
 18838 | Gauntlet | Found a transporter.
 18848 | Gauntlet | Found a transporter.
 19002 | Gauntlet | Got a fine granite ring
 19007 | Gauntlet | Identified the cursed ring "Feifro" {rElec rC++ Slay-3
                  | SInv} (You found it in a Gauntlet)
 19083 | Gauntlet | Noticed a minotaur
 19092 | Gauntlet | Killed a minotaur
 19240 | Lair:6   | Identified the +5 dagger "Jukli" {pierce, *Slow rN+ Str+3
                  | Int+2} (You found it on level 4 of the Lair of Beasts)
 19241 | Lair:6   | Identified the +5 falchion of the Curious Gods {pain,
                  | *Noise rPois Str+2 Int+3} (You found it on level 4 of the
                  | Lair of Beasts)
 19242 | Lair:6   | Identified the cursed +1 scimitar of Due Proportion {flame,
                  | rElec rC+ MR+ Int+4} (You found it on level 4 of the Lair
                  | of Beasts)
 19905 | Lair:5   | Reached skill level 5 in Invocations
 19905 | Lair:5   | Reached skill level 5 in Evocations
 20351 | Lair:6   | Reached XP level 14. HP: 87/101 MP: 18/18
 21056 | Lair:6   | Received a gift from Okawaru
 21179 | Lair:6   | Noticed a dire elephant
 21189 | Lair:6   | Killed a dire elephant
 21400 | Lair:6   | Found a burning altar of Makhleb.
 21739 | Lair:6   | Reached skill level 16 in Stealth
 22020 | Lair:6   | Found a gateway to Hell.
 22536 | D:11     | Received a gift from Okawaru
 22537 | D:11     | Got a brightly glowing hat {god gift}
 22548 | D:11     | Identified the +2 hat of Heomuaplos {rElec rPois} (Okawaru
                  | gifted it to you on level 11 of the Dungeon)
 23408 | D:12     | Found a staircase to the Orcish Mines.
 24136 | Orc:1    | Entered Level 1 of the Orcish Mines
 24686 | Orc:2    | Entered Level 2 of the Orcish Mines
 25763 | Orc:2    | Noticed Nergalle
 26061 | Orc:2    | Killed Nergalle
 26700 | Orc:2    | Reached XP level 15. HP: 106/106 MP: 22/22
 26744 | Orc:2    | Found a staircase to the Elven Halls.
 27046 | Orc:2    | Noticed Saint Roka
 27051 | Orc:2    | Found a roughly hewn altar of Beogh.
 27054 | Orc:2    | Found Veekimev's General Store.
 27065 | Orc:2    | Killed Saint Roka
 27065 | Orc:2    | Received a gift from Okawaru
 27065 | Orc:2    | Reached skill level 10 in Evocations
 27090 | Orc:2    | Found Sopoocy's Antique Weapon Emporium.
 27108 | Orc:2    | Found Achunn's Antique Armour Emporium.
 27172 | Orc:2    | Found Mumeutits's Book Emporium.
 27178 | Orc:2    | Bought a book of Minor Magic for 260 gold pieces
 27194 | Orc:2    | Bought the +3 crown of Dyrovepreva {rElec Int+2 SInv} for
                  | 1407 gold pieces
 27194 | Orc:2    | Found the +3 crown of Dyrovepreva {rElec Int+2 SInv}
 27583 | D:13     | Upgraded the game from 0.25-a0-50-gf0389da217 to
                  | 0.25-a0-55-g0753fd1ad2
 27669 | D:13     | Reached skill level 17 in Stealth
 28877 | D:13     | Reached skill level 1 in Shields
 29133 | D:13     | Received a gift from Okawaru
 29144 | D:13     | Found a transporter.
 29186 | D:13     | Found a large runed translucent door.
 29186 | D:13     | Found a large runed translucent door.
 29188 | D:13     | Noticed Gumption's ghost (journeyman MfGl)
 29797 | D:13     | Found a transporter.
 29801 | D:13     | Noticed an orc warlord
 29802 | D:13     | Found a roughly hewn altar of Beogh.
 29802 | D:13     | Noticed Jorgrun
 30206 | D:13     | Identified Ytatujaq's Volume of Fetching Self-Improvement
 30436 | D:14     | Received a gift from Okawaru
 31184 | D:14     | Received a gift from Okawaru
 31229 | D:14     | Found a gate to the Vaults.
 31774 | D:15     | Entered Level 15 of the Dungeon
 31833 | D:15     | Noticed Azrael
 31856 | D:15     | Reached skill level 5 in Shields
 31877 | D:15     | Killed Azrael
 31879 | D:15     | Reached XP level 16. HP: 94/112 MP: 23/23
 32017 | D:15     | Noticed Kirke
 32027 | D:15     | Killed Kirke
 32036 | D:15     | Reached skill level 18 in Stealth
 32088 | D:15     | Noticed Nessos
 32094 | D:15     | Killed Nessos
 32703 | D:15     | Found a shattered altar of Ashenzari.
 33055 | D:15     | Found a staircase to the Depths.
 33447 | Swamp:1  | Entered Level 1 of the Swamp
 33697 | Swamp:1  | Received a gift from Okawaru
 33998 | Swamp:1  | Found a transporter.
 34007 | Swamp:1  | Found a bloodstained altar of Trog.
 34007 | Swamp:1  | Identified the +12 rapier of the Turnip {flame, rF+ Int+4
                  | Stlth+}
 34007 | Swamp:1  | Noticed Nocer's ghost (adept CeAE)
 34014 | Swamp:1  | Found a transporter.
 34016 | Swamp:1  | Identified the +1 demon trident of Famine {flame, *Slow
                  | rPois Dex+3}
 34666 | Swamp:2  | Noticed a thorn hunter
 34675 | Swamp:2  | Killed a thorn hunter
 34699 | Swamp:2  | Got a vibrating steel ring
 34700 | Swamp:2  | Identified the ring of the Many Dances {rC+ Int+6} (You
                  | acquired it on level 2 of the Swamp)
 35138 | Swamp:2  | Noticed a thorn hunter
 35457 | Swamp:2  | Killed a thorn hunter
 35879 | Swamp:3  | Received a gift from Okawaru
 35889 | Swamp:3  | Got a steaming dagger {god gift}
 35890 | Swamp:3  | Identified the +5 dagger of the Equator {pain, rElec MR+
                  | Str+4} (Okawaru gifted it to you on level 3 of the Swamp)
 36121 | Swamp:3  | Reached XP level 17. HP: 103/118 MP: 24/24
 36658 | Swamp:3  | Reached skill level 19 in Stealth
 37065 | Swamp:4  | Entered Level 4 of the Swamp
 37092 | Swamp:4  | Received a gift from Okawaru
 37093 | Swamp:4  | Got a spiked hat {god gift}
 37103 | Swamp:4  | Reached skill level 15 in Throwing
 37116 | Swamp:4  | Learned a level 1 spell: Confusing Touch
 37116 | Swamp:4  | Identified the +2 hat of Generosity {Regen+ Str+8 Slay-3}
                  | (Okawaru gifted it to you on level 4 of the Swamp)
 37210 | Swamp:4  | Reached skill level 10 in Shields
 37844 | Swamp:4  | Got a decaying rune of Zot
 38615 | Swamp:4  | HP: 4/118 [spriggan druid/angry trees (12)]
 38615 | Swamp:4  | HP: 1/118 [spectral alligator[a ghost crab] (3)]
 39088 | Snake:1  | Entered Level 1 of the Snake Pit
 39119 | Snake:1  | Found a runed translucent gate.
 39120 | Snake:1  | Found a runed translucent gate.
 39120 | Snake:1  | Found a runed translucent gate.
 39120 | Snake:1  | Noticed Beyselic's ghost (adept TrMo)
 39989 | Snake:1  | Learned a level 1 spell: Summon Butterflies
 39996 | Snake:1  | Learned a level 6 spell: Deflect Missiles
 40401 | Snake:1  | Received a gift from Okawaru
 40819 | Snake:2  | Noticed Vashnia
 40910 | Snake:2  | Reached XP level 18. HP: 89/123 MP: 25/25
 41787 | Snake:2  | Killed Vashnia
 42173 | Snake:3  | Reached skill level 20 in Stealth
 42819 | Snake:4  | Entered Level 4 of the Snake Pit
 42820 | Snake:4  | Noticed Agnes
 42828 | Snake:4  | Killed Agnes
 42828 | Snake:4  | Received a gift from Okawaru
 42953 | Snake:4  | Noticed Louise
 42960 | Snake:4  | Killed Louise
 44034 | Snake:4  | Noticed Aizul
 44041 | Snake:4  | Killed Aizul
 44521 | Snake:4  | Reached skill level 1 in Charms
 44521 | Snake:4  | Reached skill level 1 in Air Magic
 44797 | Snake:4  | Reached XP level 19. HP: 129/129 MP: 26/26
 44836 | Snake:4  | Received a gift from Okawaru
 44838 | Snake:4  | Got a scorched rapier {god gift}
 44839 | Snake:4  | Identified the +1 rapier of Geury {holy, +Blink rC++}
                  | (Okawaru gifted it to you on level 4 of the Snake Pit)
 45284 | Snake:4  | HP: 6/129 [naga warrior/+0 short sword (4)]
 45289 | Snake:4  | HP: 4/129 [naga warrior/+0 short sword (5)]
 45291 | Snake:4  | Mangled by a black mamba

Levels and vault maps discovered:
D:1:      matt_arrival_diagonals, layout_basic
D:2:      layout_basic, fiery_altar_vehumet, zin_statuary, minmay_joined_circles
D:3:      layout_basic, tso_oasis_becter
D:4:      layout_loops_ring, nicolae_ru_sacrificial_ziggurat, temple_hall,
          first_ration, tso_metal_star
D:5:      kennysheep_steamy, layout_basic, basic_altar, uniq_duvessa,
          uniq_sigmund, uniq_blork_the_orc
D:6:      layout_gridville, lemuel_round_altar, serial_shops, shop_fountains,
          kb_lookout_dungeons_type, xom_redecorated
D:7:      layout_basic, minmay_misc_feat_five, grunt_livestock,
          corexii_checkpoint_a, uniq_harold
D:8:      layout_basic, old_standard_altar, marbit_many_paths,
          yredelemnul_forgotten_temple_becter, grunt_decor_cap,
          bh_walls_and_bars, uniq_pikel
D:9:      layout_irregular_city, led_sif_pool
D:10:     minmay_klotski, layout_loops_ring, minmay_lair_entry_grove,
          serial_shops, shop, uniq_gastronok, uniq_psyche
D:11:     layout_long_grid
D:12:     layout_loops_ring, david_orc_2
D:13:     gammafunk_beogh_shrine, layout_basic, ebering_ghost_disaster_area,
          uniq_jorgrun
D:14:     layout_long_grid, grunt_vaults_entry_tiered,
          small_statue_intersection, grunt_ministairs_1
D:15:     grunt_enter_depths_snipers, layout_rooms, evilmike_ruin_ashenzari,
          uniq_azrael, uniq_kirke, uniq_nessos
Temple:   dshaligram_water_room_temple
Lair:1:   layout_loops_ring, beast_lair_carwin_8
Lair:2:   layout_long_grid, infiniplex_staircase_pool
Lair:3:   layout_roguey, minmay_swamp_entry_wisps, minmay_lair_oklob_chamber
Lair:4:   gammafunk_cloud_chamber, layout_misc_corridors,
          guppyfry_snake_entry_island, uniq_snorg
Lair:5:   layout_roguey, minmay_slime_entry_pillars
Lair:6:   evil_forest, layout_regular_city, gauntlet_entry_generic,
          eino_house_with_fridge, grunt_megastairs_3
Swamp:1:  layout_basic_swamp, gammafunk_ghost_wrathful_warriors,
          nicolae_swamp_treefoil, st_swamp_mini
Swamp:2:  cheibrodos_swamp_heart_of_darkness, layout_basic_swamp,
          serial_swamp_ruin, evilmike_swamp_ruin_house_5,
          evilmike_swamp_ruin_house_6, infiniplex_staircase_pool_2
Swamp:3:  layout_falls_marsh, evilmike_swamp_ruin_house_4, swamp_pool1,
          st_swamp_ruins_2
Swamp:4:  swamp_fiery, layout_basic_swamp
Snake:1:  layout_rooms, ebering_ghost_rock_garden, serial_bayou_shore_b
Snake:2:  layout_rooms, serial_bayou_shore_b, uniq_vashnia
Snake:3:  onia_ninara_swampy_vault, layout_onion_interference,
          statue_in_the_mist_lemuel
Snake:4:  snake_pit_salamanders_mu, layout_cave_town, serial_bayou_shore_b,
          uniq_aizul, uniq_agnes, uniq_louise
Orc:1:    layout_caves
Orc:2:    grunt_orc_cross, layout_diamond_mine

Table legend:
 A = Non-vault XP
 B = Vault XP
 C = Vault XP percentage of total XP
 D = Non-vault monster count
 E = Vault monster count
 F = Vault count percentage of total count
                 A         B        C        D         E       F
            +---------+---------+-------+---------+---------+-------
      Total |  201450 |  121802 |  37.7 |     781 |     285 |  26.7
            +---------+---------+-------+---------+---------+-------
        D:1 |      47 |       0 |   0.0 |      23 |       0 |   0.0
        D:2 |      69 |      48 |  41.0 |      20 |      12 |  37.5
        D:3 |      68 |       0 |   0.0 |      28 |       0 |   0.0
        D:4 |     245 |       0 |   0.0 |      16 |       0 |   0.0
        D:5 |     864 |     897 |  50.9 |      23 |       6 |  20.7
        D:6 |     881 |     115 |  11.5 |      14 |       1 |   6.7
        D:7 |    1146 |    2037 |  64.0 |      36 |       8 |  18.2
        D:8 |    1303 |     882 |  40.4 |      20 |       3 |  13.0
        D:9 |    2058 |     507 |  19.8 |      36 |       4 |  10.0
       D:10 |     866 |    3582 |  80.5 |       6 |       7 |  53.8
       D:11 |    4870 |       0 |   0.0 |      31 |       0 |   0.0
       D:12 |    4824 |     428 |   8.1 |      28 |       7 |  20.0
       D:13 |   13090 |       0 |   0.0 |      32 |       0 |   0.0
       D:14 |    8680 |    8743 |  50.2 |      39 |      30 |  43.5
       D:15 |   13483 |    8370 |  38.3 |      36 |      15 |  29.4
     Lair:1 |    4680 |    1057 |  18.4 |      18 |       7 |  28.0
     Lair:2 |    2488 |       0 |   0.0 |      14 |       0 |   0.0
     Lair:3 |    6784 |    1236 |  15.4 |      21 |       6 |  22.2
     Lair:4 |    9079 |    1448 |  13.8 |      17 |       3 |  15.0
     Lair:5 |    3950 |    2914 |  42.5 |      10 |       8 |  44.4
     Lair:6 |    3405 |   13604 |  80.0 |      14 |      42 |  75.0
    Swamp:1 |   10115 |    4316 |  29.9 |      20 |       5 |  20.0
    Swamp:2 |   12920 |       0 |   0.0 |      29 |       0 |   0.0
    Swamp:3 |   15751 |    3369 |  17.6 |      41 |       4 |   8.9
    Swamp:4 |    9127 |   14073 |  60.7 |      24 |      26 |  52.0
    Snake:1 |   21165 |       0 |   0.0 |      36 |       0 |   0.0
    Snake:2 |    9559 |    7920 |  45.3 |      20 |       5 |  20.0
    Snake:3 |    9470 |    5014 |  34.6 |      15 |      10 |  40.0
    Snake:4 |   23701 |   28266 |  54.4 |      48 |      36 |  42.9
      Orc:1 |    3390 |    1628 |  32.4 |      24 |       4 |  14.3
      Orc:2 |    3372 |    9690 |  74.2 |      42 |      34 |  44.7
   Gauntlet |       0 |    1658 | 100.0 |       0 |       2 | 100.0
            +---------+---------+-------+---------+---------+-------
